 Dungeon Crawl Stone Soup version 0.27.1-1-g398f81649c (webtiles) character file.

Game seed: 676003859334059359

48 Thatpatchoflichen the Chucker (level 3, 0/36 HPs)
             Began as an Ogre Hunter on Sept 9, 2021.
             Succumbed to an adder's poison
             ... on level 2 of the Dungeon.
             The game lasted 00:04:05 (1784 turns).

Thatpatchoflichen the Chucker (Ogre Hunter)         Turns: 1784, Time: 00:04:06

Health: 0/36       AC:  3    Str: 16    XL:     3   Next: 72%
Magic:  3/3        EV: 10    Int: 12    God:
Gold:   103        SH:  0    Dex: 10    Spells: 2/2 levels left

rFire    + . .     SeeInvis .   e - +0 war axe
rCold    . . .     Faith    .   (no shield)
rNeg     + . .     Spirit   .   b - +0 robe
rPois    .         Reflect  .   (helmet restricted)
rElec    .         Harm     .   (no cloak)
rCorr    .         Rampage  .   (gloves unavailable)
Will     .....                  (boots unavailable)
Stlth    +.........             (no amulet)
HPRegen  0.12/turn              a - ring of positive energy
MPRegen  0.08/turn              j - ring of protection from fire

@: lethally poisoned (0 -> -7)
A: large, unfitting armour, tough skin 1
a: no special abilities


You were on level 2 of the Dungeon.
You visited 1 branch of the dungeon, and saw 2 of its levels.

You collected 103 gold pieces.

Inventory:

Hand Weapons
 e - a +0 war axe (weapon)
Missiles
 c - 5 large rocks (quivered)
 d - 2 throwing nets
Armour
 b - a +0 robe (worn)
Jewellery
 a - a ring of positive energy (left hand)
 g - an amulet of magic regeneration
 j - a ring of protection from fire (right hand)
Scrolls
 h - a scroll of teleportation {unknown}
 i - a scroll of enchant armour {unknown}
 l - a scroll of fear {unknown}
Potions
 f - a potion of flight {unknown}
 k - a potion of resistance {unknown}
 m - 2 potions of curing {unknown}


   Skills:
 - Level 2.6 Fighting
 - Level 4.0 Throwing
 + Level 3.6 Dodging
 - Level 0.6 Stealth


You had 2 spell levels left.
You didn't know any spells.
Your spell library contained the following spells:

 Spells                   Type           Power      Damage    Failure   Level
 Apportation              Tloc           0%         N/A       32%         1
 Alistair's Intoxication  Tmut/Pois      0%         N/A       100%        5
 Invisibility             Hex            0%         N/A       100%        6


Dungeon Overview and Level Annotations

Branches:
Dungeon (2/15)

Altars:


Innate Abilities, Weirdness & Mutations

You are too large for most types of armour.
You have tough skin. (AC +1)


Message History

You kill the jackal!
The jackal bites you.
You closely miss the jackal.
The jackal bites you but does no damage.
The jackal misses you.
You slash the jackal!
You kill the jackal!
The adder bites you.
You closely miss the adder. The adder bites you.
The adder bites you but does no damage.
You barely miss the adder. The adder bites you but does no damage.
The adder bites you.
You are poisoned.
The adder poisons you!
You hit the adder.
The adder is heavily wounded.
You feel sick. The adder barely misses you.
The adder bites you but does no damage.
You barely miss the adder.
The adder is heavily wounded.
You feel sick. The adder barely misses you. The adder bites you.
You are more poisoned.
The adder poisons you!
You hit the adder.
The adder is severely wounded.
You feel sick.
The adder bites you but does no damage. x2
You closely miss the adder.
The adder is severely wounded.
You feel sick. The adder bites you but does no damage. The adder bites you.
* * * LOW HITPOINT WARNING * * *
You are lethally poisoned!
The adder poisons you!
You completely miss the adder.
The adder is severely wounded.
* * * LOW HITPOINT WARNING * * *
You feel very sick. The adder barely misses you. The adder misses you.
You closely miss the adder.
The adder is severely wounded.
You die...

#.# .. .########..# #.
...........## #.
............. ##
###.#.........# #
#...#........# ## ####.#
#........# ##.
.##.##....###........#####..
.........†S@................
........#####......†...#####
........# #########.## ##
........# #######.# #.
........# #.......#####.
........# ..(...........
........# ##############
#########


You could see an adder.

Vanquished Creatures
  A gnoll (D:1)
  A dart slug (D:2)
  3 ball pythons (D:1)
  2 giant cockroaches (D:2)
  5 goblins
  2 hobgoblins (D:2)
  3 jackals (D:2)
  2 kobolds (D:1)
  5 quokkas
  4 bats
  2 frilled lizards (D:1)
  3 rats (D:1)
33 creatures vanquished.

Notes
Turn   | Place    | Note
-------+----------+-------------------------------------------
     0 | D:1      | Thatpatchoflichen the Ogre Hunter began the quest for the
                  | Orb.
     0 | D:1      | Reached XP level 1. HP: 22/22 MP: 1/1
   210 | D:1      | Reached XP level 2. HP: 29/29 MP: 2/2
   381 | D:1      | Found a faded altar of an unknown god.
   601 | D:1      | HP: 1/29 [kobold (2)]
   604 | D:1      | Reached XP level 3. HP: 2/36 MP: 3/3
  1784 | D:2      | Succumbed to an adder's poison

Illustrated notes

Levels and vault maps discovered:
D:1:      minmay_arrival_cross, layout_basic, hellmonk_ecumenical_altar_run_dry,
          minmay_tromino_v2
D:2:      minmay_skewed_foursquare, layout_rooms

Skill      XL: |  1  2 |
---------------+-------+-----
Dodging        | 2 3 |  3.6
Fighting       | |  2.6
Throwing       | |  4.0
Stealth        | |  0.6

Action                   || total
-------------------------++-------
Melee: War axe           ||   121
       Short sword       ||     3
Throw: Large rock        ||     3
 Stab: Sleeping          ||     1
Armor: Robe              ||    87
Dodge: Dodged            ||   108
